 Dungeon Crawl Stone Soup version 0.29-a0-1023-g6ae1a4a2c7 (webtiles) character file.

Game seed: 1673690457720621756

40499 Zonian the Demonic Aeon (level 13, -36/198 HPs)
             Began as a Demonspawn Ice Elementalist on Aug 11, 2022.
             Was the Champion of Cheibriados.
             Annihilated by an orc knight
             ... wielding a +0 dire flail
              (41 damage)
             ... on level 2 of the Orcish Mines on Aug 12, 2022.
             The game lasted 01:23:24 (25919 turns).

Zonian the Demonic Aeon (DsIE)                     Turns: 25919, Time: 01:23:24

Health: -36/198    AC: 26    Str: 25    XL:     13   Next: 74%
Magic:  0/33       EV:  2    Int: 33    God:    Cheibriados [******]
Gold:   1003       SH:  5    Dex: 38    Spells: 1/20 levels left

rFire   x . .      SeeInvis .   F - +9 short sword of the Antique God {drain, +Blink rF- Will+ Dex+7}
rCold   + . .      Faith    .   (no shield)
rNeg    . . .      Spirit   +   (body armour currently unavailable)
rPois   +          Reflect  +   (helmet unavailable)
rElec   .          Harm     .   (cloak currently unavailable)
rCorr   .          Rampage  .   (gloves currently unavailable)
Will    ++...      NoTele   +   (boots currently unavailable)
Stlth   ..........              R - amulet of Xerastray {Reflect rF+ Will+ SH+5}
HPRegen 3.43/turn               P - ring of ice
MPRegen 0.46/turn               g - ring of magical power

@: berserking (expiring), tree-form, very slow
A: stationary, stasis, torment immunity, boosted hp, (antennae 3), powered by
death 2, magic shield, magic regeneration
a: Renounce Religion, Evoke Blink, Bend Time, Temporal Distortion, Slouch, Step
From Time


You were on level 2 of the Orcish Mines.
You worshipped Cheibriados.
Cheibriados was exalted by your worship.
You were a tree.
You visited 4 branches of the dungeon, and saw 19 of its levels.
You also visited: Ice Cave.

You collected 1598 gold pieces.
You spent 595 gold pieces at shops.

Inventory:

Hand Weapons
 d - a +4 hand axe
 i - a +3 long sword of flaming
 j - a +0 sling
 l - a +2 whip of draining
 A - a +2 dagger of electrocution
 F - the +9 short sword of the Antique God (weapon) {drain, +Blink rF- Will+ Dex+7}
   (You acquired it on level 5 of the Dungeon)

   A truly terrible weapon, it drains the life of any living foe it strikes.
   Dex:       It affects your dexterity (+7).
   rF:        It makes you vulnerable to fire.
   +Blink:    It lets you blink.
   Will:      It increases your willpower.
Missiles
 n - 2 curare-tipped darts
 L - 19 poisoned darts
 U - 3 javelins
Armour
 f - an orb of light
 u - a +2 pair of boots (melded)
 v - a +0 troll leather armour (melded)
 z - a +2 cloak (melded)
 G - a +0 scale mail of cold resistance
 K - a +0 buckler
 Q - +0 steam dragon scales
Magical Staves
 y - a staff of death
 O - a staff of cold
Jewellery
 e - a ring of positive energy
 g - a ring of magical power (right branch)
 h - a ring of protection from cold
 k - an amulet of the acrobat
 p - a ring of see invisible
 B - a +6 ring of intelligence
 C - a ring of resist corrosion
 D - a +4 ring of evasion
 P - a ring of ice (left branch)
 R - the amulet of Xerastray (around neck) {Reflect rF+ Will+ SH+5}
   (You bought it in a shop on level 8 of the Dungeon)

   [amulet of reflection]

   It reflects blocked missile attacks.
   rF:        It protects you from fire.
   SH:        It affects your SH (+5).
   Will:      It increases your willpower.
 Z - a ring of poison resistance
Wands
 q - a wand of polymorph (6)
 s - a wand of flame (10)
 I - a wand of digging (1)
 M - a wand of mindburst (11)
 N - a wand of paralysis (13)
 T - a wand of quicksilver (5)
 X - a wand of roots (2)
Scrolls
 o - 9 scrolls of identify
 E - 2 scrolls of enchant armour
 J - 3 scrolls of butterflies
 V - a scroll of blinking {unknown}
 W - a scroll of brand weapon {unknown}
Potions
 c - 4 potions of flight
 m - 3 potions of cancellation
 r - 3 potions of brilliance
 t - 5 potions of curing
 w - 4 potions of attraction
 x - a potion of lignification
 S - a potion of haste {unknown}


   Skills:
 + Level 4.2 Fighting
 - Level 12.0 Short Blades
 - Level 2.2 Dodging
 + Level 10.8 Stealth
 - Level 4.2 Spellcasting
 - Level 8.0 Conjurations
 - Level 4.0 Hexes
 - Level 6.4 Ice Magic
 - Level 15.9 Invocations


You had one spell level left.
You knew the following spells:

 Your Spells              Type           Power      Damage    Failure   Level
a - Freeze                Ice            100%       1d11      1%          1
b - Frozen Ramparts       Ice            100%       1d16      1%          3
c - Ozocubu's Armour      Ice            65%        N/A       1%          3
d - Hailstorm             Conj/Ice       70%        3d15      2%          4
e - Metabolic Englaciati  Hex/Ice        29%        N/A       17%         5
f - Tukima's Dance        Hex            33%        N/A       3%          3

Your spell library contained the following spells:

 Spells                   Type           Power      Damage    Failure   Level
 Portal Projectile        Hex/Tloc       40%        N/A       7%          3
 Call Canine Familiar     Summ           7%         N/A       16%         3
 Leda's Liquefaction      Hex/Erth       10%        N/A       22%         4
 Passage of Golubria      Tloc           7%         N/A       45%         4
 Yara's Violent Unravell  Hex/Tmut       10%        3d6       54%         5
 Conjure Ball Lightning   Conj/Air       16%        3x3d6     83%         6
 Simulacrum               Ice/Necr       21%        N/A       91%         6
 Discord                  Hex            16%        N/A       100%        8
 Disjunction              Tloc           3%         N/A       100%        8


Dungeon Overview and Level Annotations

Branches:
Dungeon (11/15)            Temple (1/1) D:5            Lair (5/5) D:11
 Shoals (0/4) Lair:3        Snake (0/4) Lair:2        Slime (0/5) Lair:4
    Orc (2/2) D:11            Elf (0/3) Orc:2         IceCv (visited)

Altars:
Ashenzari
Cheibriados
Dithmenos
Fedhas
Gozag
Hepliaklqana
Kikubaaqudgha
Makhleb
Nemelex Xobeh
Okawaru
Qazlal
Ru
Sif Muna
Trog
Uskayaw
Vehumet
Wu Jian
Xom
Yredelemnul
Jiyva

Shops:
D:8 =   Orc:2 (

Annotations:
D:4 Grinder
Orc:1 3 runed translucent doors, Acaps's ghost, journeyman GrFi; Befih's ghost, journeyman DgWr; Ruacwi Epinn's ghost, journeyman MiBe; Teitos's ghost, journeyman MiFi


Innate Abilities, Weirdness & Mutations

You are a tree.
Your roots penetrate the ground, keeping you stationary.
You cannot be teleported.
You are immune to unholy pain and torment.
Your maximum health is greatly increased.
Your equipment is partially melded.
((You have a pair of large antennae on your head. (SInv)))
You regenerate health from kills.
When hurt, damage is shared between your health and your magic reserves.
You regenerate magic rapidly.


Message History

Your Fighting skill increases to level 4!
Unknown command.
You barely miss the orc knight.
The orc knight is severely wounded.
The orc warrior no longer looks unusually strong.
The orc knight hits you with a +0 great sword.
* * * LOW HITPOINT WARNING * * *
Unknown command.
You hit the orc knight but do no damage.
The orc knight is severely wounded.
Unknown command.
You barely miss the orc knight.
The orc knight is severely wounded.
You block the orc knight's attack.
The orc knight roars a battlecry!
The orc warrior goes into a battle-frenzy!
Unknown command.
You puncture the orc knight!
The orc knight is almost dead.
Unknown command.
You puncture the orc knight!
You kill the orc knight!
Cheibriados appreciates the change of pace.
The orc knight hits you with a +0 dire flail!!
* * * LOW HITPOINT WARNING * * *
Unknown command.
You barely miss the orc knight.
Unknown command.
You puncture the orc knight!
The orc knight is lightly wounded.
You block the orc warrior's attack.
The orc knight hits you with a +0 dire flail!!
* * * LOW HITPOINT WARNING * * *
You hit the orc knight.
The orc knight is lightly wounded.
You puncture the orc knight!
The orc knight is moderately wounded.
You block the orc warrior's attack.
The orc knight hits you with a +0 dire flail!!!
You die...

# #o) #### # #)## #...# #
#..##.... # #.##..... ###
####........ ..###
##...........#### ......#
..#.###......#.#####..####.....
8....###..#.#..o#........#....# .
..#...##..#....o♣...#...#..... ..
∩<8..###...#....#........#....#..
...####........#.................
8..# #...........####.##).##....
..## ##....#..#.#∩∩...∩∩.#.......
### #.#....#)#...)...8.....#....
#.....#...8...#.8........... ##
#..#..#........#..........#. .#
#................8.#8...#..#


You could see an orc knight (strong) and an orc warrior (strong).

Vanquished Creatures
  6 hydras
  2 two-headed ogres
  Fannar (D:11)
  A catoblepas (Lair:5)
  2 death yaks (Lair:5)
  6 orc knights (Orc:2)
  A lindwurm (Lair:4)
  2 orc sorcerers (Orc:2)
  14 elephants
  10 cane toads
  6 black mambas
  Joseph (D:8)
  A kobold demonologist (D:10)
  6 rime drakes
  5 komodo dragons
  Maggie (D:8)
  A polar bear (Lair:4)
  2 trolls
  A snapping turtle (Lair:3)
  4 saltlings (Orc:2)
  3 blink frogs (Lair:2)
  2 shadows
  4 wraiths
  16 yaks
  A wyvern (D:8)
  A steam dragon (D:9)
  3 basilisks
  7 vampire mosquitoes
  5 acid dragons
  2 wargs
  9 water moccasins
  2 ice beasts
  A sky beast (D:8)
  17 orc warriors
  A black bear (D:7)
  3 ogres
  2 phantoms
  16 wolves
  6 centaurs
  3 kobold brigands
  9 bullfrogs
  3 scorpions
  2 necrophages
  6 wights
  4 killer bees (D:8)
  7 howler monkeys
  3 electric eels
  4 hounds
  4 jellies
  A gnoll bouda (Orc:1)
  9 orc priests
  6 iguanas
  A troll simulacrum (IceCv)
  8 hell rats
  17 orc wizards
  5 gnolls (Orc:1)
  6 adders
  7 river rats (Lair:1)
  8 white imps
  3 ufetubi
  4 dart slugs
  2 worms
  62 orcs
  15 ball pythons
  5 bats
  7 endoplasms
  6 giant cockroaches
  12 goblins
  13 hobgoblins
  5 jackals
  A quokka (D:3)
  2 frilled lizards (D:1)
  21 kobolds
  4 rats
  3 pillars of salt (Orc:2)
452 creatures vanquished.

Vanquished Creatures (others)
  26 fungi
  14 pillars of salt (Orc:2)
  31 plants
  4 toadstools (D:1)
75 creatures vanquished.

Grand Total: 527 creatures vanquished

Notes
Turn   | Place    | Note
-------+----------+-------------------------------------------
     0 | D:1      | Zonian the Demonspawn Ice Elementalist began the quest for
                  | the Orb.
     0 | D:1      | Reached XP level 1. HP: 13/13 MP: 3/3
   415 | D:1      | Gained mutation: You regenerate a little health from kills.
                  | [demonic ancestry]
   415 | D:1      | Reached XP level 2. HP: 18/19 MP: 5/5
  1164 | D:1      | Found a faded altar of an unknown god.
  1174 | D:1      | Gained mutation: You regenerate magic rapidly. [demonic
                  | ancestry]
  1174 | D:1      | Reached XP level 3. HP: 24/24 MP: 6/6
  1179 | D:1      | Learned a level 3 spell: Frozen Ramparts
  2853 | D:3      | Noticed a phantom
  2858 | D:3      | Found a radiant altar of Vehumet.
  2887 | D:3      | Reached XP level 4. HP: 19/30 MP: 8/8
  2891 | D:3      | Learned a level 3 spell: Ozocubu's Armour
  5130 | D:3      | Killed a phantom
  5131 | D:3      | Reached skill level 5 in Ice Magic
  5131 | D:3      | Gained mutation: You have a pair of small antennae on your
                  | head. [demonic ancestry]
  5131 | D:3      | Reached XP level 5. HP: 14/35 MP: 9/9
  5715 | D:4      | Noticed Grinder
  6247 | D:4      | Reached XP level 6. HP: 15/41 MP: 11/11
  7498 | D:4      | Learned a level 4 spell: Hailstorm
  8116 | D:5      | Entered Level 5 of the Dungeon
  8247 | D:5      | Reached XP level 7. HP: 39/46 MP: 13/13
  9142 | D:5      | Found a staircase to the Ecumenical Temple.
  9161 | Temple   | Entered the Ecumenical Temple
  9178 | Temple   | Became a worshipper of Cheibriados the Contemplative
  9253 | D:5      | Reached skill level 1 in Short Blades
  9820 | D:5      | Identified a scroll of acquirement
  9820 | D:5      | Acquired the +9 short sword of the Antique God {drain,
                  | +Blink rF- Will+ Dex+7}
 10186 | D:6      | Reached XP level 8. HP: 50/52 MP: 14/14
 10211 | D:6      | Reached skill level 5 in Stealth
 10577 | D:6      | Reached skill level 5 in Short Blades
 10742 | D:6      | Reached * piety under Cheibriados
 11417 | D:7      | Gained mutation: When hurt, damage is shared between your
                  | health and your magic reserves. [demonic ancestry]
 11417 | D:7      | Reached XP level 9. HP: 49/57 MP: 15/15
 11501 | D:7      | Found a stormy altar of Qazlal.
 11691 | D:7      | Found a shimmering altar of Xom.
 12152 | D:7      | Reached ** piety under Cheibriados
 12586 | D:8      | Found a shadowy altar of Dithmenos.
 12752 | D:8      | Found a hide-covered altar of Uskayaw.
 12773 | D:8      | Found a broken altar of Ashenzari.
 12798 | D:8      | Noticed Joseph
 12801 | D:8      | Killed Joseph
 13167 | D:8      | Noticed Maggie
 13182 | D:8      | Killed Maggie
 13182 | D:8      | Reached *** piety under Cheibriados
 13211 | D:8      | Reached skill level 10 in Short Blades
 13363 | D:8      | Found Ymiezos's Jewellery Shoppe.
 13413 | D:9      | Reached XP level 10. HP: 60/63 MP: 16/16
 13440 | D:9      | Found an ornate altar of the Wu Jian Council.
 14067 | D:8      | Bought the amulet of Xerastray {Reflect rF+ Will+ SH+5} for
                  | 595 gold pieces
 14336 | D:10     | Entered Level 10 of the Dungeon
 15732 | D:10     | Found a basalt altar of Yredelemnul.
 15869 | D:10     | Found an ancient bone altar of Kikubaaqudgha.
 15945 | D:11     | Reached skill level 1 in Invocations
 15972 | D:11     | Found a staircase to the Lair.
 15972 | D:11     | Noticed Fannar
 16007 | D:11     | Reached skill level 2 in Invocations
 16119 | D:11     | Reached skill level 3 in Invocations
 16249 | D:11     | Reached skill level 4 in Invocations
 16278 | D:11     | Reached skill level 5 in Invocations
 16306 | D:11     | Reached **** piety under Cheibriados
 16550 | D:11     | Noticed a two-headed ogre
 16568 | D:11     | Reached skill level 6 in Invocations
 16568 | D:11     | Killed a two-headed ogre
 16569 | D:11     | Reached skill level 7 in Invocations
 16569 | D:11     | Gained mutation: You regenerate health from kills. [demonic
                  | ancestry]
 16569 | D:11     | Reached XP level 11. HP: 67/68 MP: 11/17
 16581 | D:11     | Killed Fannar
 16582 | D:11     | Reached skill level 8 in Invocations
 16610 | D:11     | Found a staircase to the Orcish Mines.
 16654 | D:11     | Found a hazy altar of Hepliaklqana.
 16976 | D:11     | Reached skill level 1 in Conjurations
 16976 | D:11     | Reached skill level 9 in Invocations
 17178 | Lair:1   | Entered Level 1 of the Lair of Beasts
 17301 | Lair:1   | Reached ***** piety under Cheibriados
 17323 | Lair:1   | Found a frozen archway.
 17351 | IceCv    | Entered an ice cave
 18272 | Lair:2   | Reached skill level 10 in Invocations
 18409 | Lair:2   | Reached skill level 11 in Invocations
 18415 | Lair:2   | Reached skill level 5 in Conjurations
 18566 | Lair:2   | Found a staircase to the Snake Pit.
 18653 | Lair:2   | Noticed a four-headed hydra
 18658 | Lair:2   | Killed a four-headed hydra
 18698 | Lair:2   | Reached skill level 12 in Invocations
 19069 | Lair:3   | Noticed a seven-headed hydra
 19071 | Lair:3   | Killed a seven-headed hydra
 19072 | Lair:3   | Gained mutation: You have a pair of antennae on your head.
                  | [demonic ancestry]
 19072 | Lair:3   | Reached XP level 12. HP: 74/74 MP: 21/21
 19345 | Lair:3   | Learned a level 5 spell: Metabolic Englaciation
 19544 | Lair:3   | Noticed a five-headed hydra
 19551 | Lair:3   | Killed a five-headed hydra
 19681 | Lair:3   | Found a staircase to the Shoals.
 20052 | Lair:4   | Found a viscous altar of Jiyva.
 20053 | Lair:4   | Found a staircase to the Slime Pits.
 20172 | Lair:4   | Reached skill level 13 in Invocations
 20254 | Lair:4   | Reached ****** piety under Cheibriados
 20693 | Lair:4   | You fall into a shaft and drop 1 floor!
 20693 | Lair:5   | Entered Level 5 of the Lair of Beasts
 20708 | Lair:5   | Reached skill level 1 in Hexes
 20708 | Lair:5   | Noticed a five-headed hydra
 21042 | Lair:5   | Noticed a boulder beetle
 21359 | Lair:5   | Noticed a death yak
 21359 | Lair:5   | Noticed a death yak
 21359 | Lair:5   | Noticed a death yak
 21359 | Lair:5   | Noticed a death yak
 21363 | Lair:5   | Noticed a death yak
 21411 | Lair:5   | Killed a five-headed hydra
 21455 | Lair:5   | Noticed an eight-headed hydra
 21469 | Lair:5   | Noticed a six-headed hydra
 21469 | Lair:5   | Killed an eight-headed hydra
 21470 | Lair:5   | Reached skill level 14 in Invocations
 21479 | Lair:5   | Killed a six-headed hydra
 22022 | Lair:5   | Gained mutation: You have a pair of large antennae on your
                  | head. (SInv) [demonic ancestry]
 22022 | Lair:5   | Reached XP level 13. HP: 79/79 MP: 23/23
 22374 | Lair:5   | Reached skill level 15 in Invocations
 23040 | Orc:1    | Entered Level 1 of the Orcish Mines
 23603 | Orc:1    | Found a runed translucent gate.
 23603 | Orc:1    | Found a runed translucent gate.
 23603 | Orc:1    | Found a runed translucent gate.
 23604 | Orc:1    | Noticed Ruacwi Epinn's ghost (journeyman MiBe)
 23604 | Orc:1    | Noticed Teitos's ghost (journeyman MiFi)
 23604 | Orc:1    | Noticed Acaps's ghost (journeyman GrFi)
 23604 | Orc:1    | Noticed Befih's ghost (journeyman DgWr)
 23948 | Orc:1    | You fall into a shaft and drop 1 floor!
 23948 | Orc:2    | Entered Level 2 of the Orcish Mines
 23948 | Orc:2    | Found a staircase to the Elven Halls.
 23979 | Orc:2    | Found Heuhoil's Weapon Emporium.
 24047 | Orc:2    | Learned a level 3 spell: Tukima's Dance
 24503 | Orc:2    | Reached skill level 10 in Stealth
 24505 | Orc:2    | Reached skill level 1 in Fighting
 25917 | Orc:2    | HP: 2/198 [orc knight/+0 dire flail (18)]
 25919 | Orc:2    | Annihilated by an orc knight

Illustrated notes

Levels and vault maps discovered:
D:1:      ldierk_walled_garden_2, layout_basic,
          nicolae_ecumenical_snake_handling
D:2:      layout_basic, minmay_hedge_maze
D:3:      layout_basic, lemuel_doored_altar, guppyfry_early_orc_mine
D:4:      layout_loops_cross, nicolae_underground_beach, uniq_grinder
D:5:      layout_gridville, minmay_temple_entry_glass
D:6:      layout_rooms, hangedman_minor_gate_pass
D:7:      layout_loops_corners, lemuel_coloured_pillars_altar,
          mainiacjoe_overflow_24_doors
D:8:      layout_gridville, mainiacjoe_overflow_six_doors_small,
          lemuel_crystal_altar, mainiacjoe_overflow_two_lobes, serial_shops,
          nicolae_shop_window_shopping, uniq_maggie, uniq_joseph
D:9:      layout_rooms, mainiacjoe_overflow_small_starburst, water_maze_lemuel
D:10:     layout_loops_ring, mainiacjoe_overflow_chevrons,
          mainiacjoe_overflow_alcove_4, nicolae_figureground_sparkle
D:11:     layout_roguey, lair_entry_dummy, minmay_orc_entry_temple_small,
          nzn_hepliaklqana_mist_gate, uniq_fannar
Temple:   hellmonk_temple_two_chambers
Lair:1:   layout_gridlike, portal_ice_cave_rime, kennysheep_rathole
Lair:2:   layout_hall_layers, dummy_snake_entry
Lair:3:   layout_misc_corridors, minmay_shoals_entry_hut, grunt_megastairs_4
Lair:4:   layout_regular_city, nicolae_slime_entry_slimehenge
Lair:5:   evilmike_catoblepas_cave, layout_long_grid, serial_rivers,
          chequers_serial_rivers_large_b, chequers_serial_rivers_micro_e,
          chequers_serial_rivers_small_b, chequers_serial_rivers_micro_b,
          chequers_serial_rivers_room_a, ebering_ghost_xom, pond
Orc:1:    layout_caves, gammafunk_ghost_cemetery, nicolae_orc_bridge_out
Orc:2:    hellmonk_orc_salted, layout_diamond_mine, serial_shops,
          nicolae_shop_statue_plus, mines_bat_river

Skill      XL: |  1  2  3  4  5  6  7  8  9 10 11 12 13 |
---------------+----------------------------------------+-----
Dodging        | 2 |  2.2
Stealth        | 2 4 6 8 10 | 10.8
Ice Magic      | 4 5 6 |  6.4
Spellcasting   | 3 4 |  4.2
Short Blades   | 3 6 10 12 | 12.0
Invocations    | 7 12 14 15 | 15.9
Conjurations   | 6 8 |  8.0
Hexes          | 4 |  4.0
Fighting       | 4 |  4.2

Action                   |  1- 3 |  4- 6 |  7- 9 | 10-12 | 13-15 || total
-------------------------+-------+-------+-------+-------+-------++-------
Melee: Unarmed           |    12 |       |       |       |       ||    12
       Dagger            |    23 |       |    11 |       |       ||    34
       Falchion          |       |    13 |       |       |       ||    13
       Spear             |       |    20 |       |       |       ||    20
       Whip              |       |    38 |    25 |       |       ||    63
       Punch             |       |     1 |     3 |    11 |     7 ||    22
       Short sword       |       |       |   160 |   532 |   323 ||  1015
 Fire: Sling             |    77 |   136 |    41 |    24 |    97 ||   375
Throw: Dart              |       |       |     1 |     2 |     2 ||     5
 Cast: Freeze            |    48 |    20 |     2 |       |       ||    70
       Frozen Ramparts   |       |     6 |    14 |    22 |    22 ||    64
       Ozocubu's Armour  |       |     1 |     4 |     7 |     7 ||    19
       Hailstorm         |       |       |       |     5 |     8 ||    13
       Tukima's Dance    |       |       |       |       |     2 ||     2
Invok: Bend Time         |       |       |       |     2 |     1 ||     3
       Temporal Distorti |       |       |       |     3 |     2 ||     5
       Slouch            |       |       |       |       |     2 ||     2
       Step From Time    |       |       |       |       |     1 ||     1
 Abil: Evoke Blink       |       |       |       |       |     1 ||     1
Evoke: Wand              |       |       |     1 |     7 |     4 ||    12
  Use: Scroll            |     1 |    10 |    12 |    11 |     2 ||    36
       Potion            |       |     3 |       |     4 |     6 ||    13
 Stab: Sleeping          |       |     1 |    15 |    24 |     3 ||    43
       Distracted        |       |       |     1 |     1 |     2 ||     4
       Invisible         |       |       |       |     4 |       ||     4
Armor: Robe              |    14 |    36 |    17 |       |       ||    67
       Steam dragon scal |       |       |       |    64 |       ||    64
       Troll leather arm |       |       |       |    68 |    75 ||   143
       Skin              |       |       |       |       |     2 ||     2
Dodge: Dodged            |    58 |   139 |   123 |   305 |   146 ||   771
Block: Other             |       |       |    30 |    97 |    62 ||   189
       Reflection        |       |       |     3 |       |     2 ||     5

Table legend: (Time is in decaauts)
 A = Elapsed time spent in this place.
 B = Non-inter-level travel time spent in this place.
 C = Inter-level travel time spent in this place.
 D = Time resting spent in this place.
 E = Time spent auto-exploring this place.
 F = Levels seen in this place.
 G = Mean time per level.
                   A        B        C        D        E       F      G
               +--------+--------+--------+--------+--------+-----+--------+
         Total |  32202 |  30995 |   1207 |   9998 |  13142 |  20 | 1610.1 |
       Dungeon |  19556 |  18790 |    766 |   7016 |   7797 |  11 | 1777.8 |
        Temple |     29 |     29 |      0 |      0 |     10 |   1 |   29.0 |
          Lair |   8437 |   7998 |    439 |   1447 |   4243 |   5 | 1687.4 |
  Orcish Mines |   3927 |   3927 |      0 |   1335 |   1091 |   2 | 1963.5 |
      Ice Cave |    251 |    251 |      0 |    200 |      0 |   1 |  251.0 |
               +--------+--------+--------+--------+--------+-----+--------+

Top non-repeatable levels by time:
     D:3: 3458 daAuts
   Orc:2: 2540 daAuts
     D:4: 2463 daAuts
  Lair:4: 2138 daAuts
  Lair:5: 2114 daAuts
    D:10: 1780 daAuts
    D:11: 1711 daAuts
     D:7: 1659 daAuts
     D:1: 1552 daAuts
     D:5: 1533 daAuts
  Lair:1: 1492 daAuts
     D:9: 1481 daAuts
     D:8: 1426 daAuts
   Orc:1: 1387 daAuts
  Lair:2: 1384 daAuts
